 Dungeon Crawl Stone Soup version 0.30-a0-305-g026cb31310 (webtiles) character file.

Game seed: 3829881228697984725

114 Lanoc the Grave Robber (level 4, -1/24 HPs)
             Began as a Deep Elf Necromancer on Oct 23, 2022.
             Succumbed to a goblin's poison
             ... on level 3 of the Dungeon.
             The game lasted 00:03:05 (1687 turns).

Lanoc the Grave Robber (Deep Elf Necromancer)       Turns: 1687, Time: 00:03:06

Health: -1/24      AC:  2    Str:  5    XL:     4   Next: 66%
Magic:  1/10       EV: 13    Int: 22    God:
Gold:   125        SH:  0    Dex: 15    Spells: 5/9 levels left

rFire   . . .      SeeInvis .    (no weapon)
rCold   . . .      Faith    .    (no shield)
rNeg    . . .      Spirit   .    a - +0 robe
rPois   .          Reflect  .    (no helmet)
rElec   .          Harm     .    (no cloak)
rCorr   +          Rampage  .    (no gloves)
Will    .....                    (no boots)
Stlth   ++........               (no amulet)
HPRegen 0.24/turn                c - ring of resist corrosion
MPRegen 0.12/turn                (no ring)

@: lethally poisoned (-1 -> -9)
A: hooves 1, MP-powered wands
a: no special abilities


You were on level 3 of the Dungeon.
You visited 1 branch of the dungeon, and saw 3 of its levels.

You collected 125 gold pieces.

Inventory:

Armour
 a - a +0 robe (worn)
Jewellery
 c - a ring of resist corrosion (left hand)
Scrolls
 g - a scroll of identify {unknown}
 i - 4 scrolls of vulnerability {unknown}
Potions
 b - a potion of magic
 d - a potion of brilliance {unknown}
 f - 4 potions of mutation
 h - a potion of might {unknown}


   Skills:
 + Level 3.9 Dodging
 - Level 2.4 Stealth
 - Level 3.0 Spellcasting
 * Level 6.6 Necromancy


You had 5 spell levels left.
You knew the following spells:

 Your Spells              Type           Power      Damage    Failure   Level
a - Necrotise             Necr           100%       1d9       1%          1
b - Vampiric Draining     Necr           32%        2d8       2%          3

Your spell library contained the following spells:

 Spells                   Type           Power      Damage    Failure   Level
 Animate Dead             Necr           32%        N/A       8%          4
 Agony                    Necr           32%        N/A       22%         5
 Inner Flame              Hex/Fire       3%         N/A       36%         3
 Flame Wave               Conj/Fire      3%         2d5       77%         4
 Sticky Flame             Conj/Fire      3%         2d3       77%         4


Dungeon Overview and Level Annotations

Branches:
Dungeon (3/15)

Altars:
Dithmenos

Shops:
D:1 [   D:2 (

Annotations:
D:3 Robin


Innate Abilities, Weirdness & Mutations

You have large cloven feet.
You expend magic power (3 MP) to strengthen your wands.


Message History

You are lethally poisoned!
You feel better.
The goblin no longer looks unusually strong.
Your goblin skeleton closely misses the goblin.
The goblin closely misses you. The rat closely misses you.
The goblin attacks as you move away! The goblin closely misses you.
The rat attacks as you move away! The rat closely misses you.
The goblin no longer looks unusually strong.
Robin throws the goblin at you!
You see here a +0 dagger.
The goblin attacks as you move away!
The goblin hits you with a +1 dagger of venom.
You are poisoned.
You feel sick. The hobgoblin barely misses you. Robin throws the goblin at you!
* * * LOW HITPOINT WARNING * * *
You feel better. Robin throws the goblin at you!
The goblin hits you with a +1 dagger of venom.
You are poisoned.
The hobgoblin hits you.
* * * LOW HITPOINT WARNING * * *
The goblin barely misses you. x2
You feel better.
Robin points. "Kill!"
Robin misses you. The hobgoblin barely misses you. The rat bites you.
The goblin hits you with a +0 club. The goblin closely misses you.
The goblin barely misses you. The goblin attacks as you move away!
The goblin hits you with a +0 club.
* * * LOW HITPOINT WARNING * * *
The rat attacks as you move away! The rat barely misses you.
Your goblin skeleton hits the rat but does no damage.
The goblin hits you with a +1 dagger of venom.
* * * LOW HITPOINT WARNING * * *
You are lethally poisoned!
The hobgoblin hits you but does no damage.
Robin throws the goblin at you!
* * * LOW HITPOINT WARNING * * *
It was a potion of mutation.
You feel extremely strange.
You feel your magical essence link to the dungeon's wands.
Your feet thicken and deform.
You die...

..)....#..........
.....[..).......
#..#......# #
#.....(...#
#.#...<.....#
##....Z......#
#.....)g.....#.
.....#.rg.>......
......gg@.....#..
....)#.##g..##...
.....)) ##..# ....
#.....# #..# .....
##..#. ..# #....
.. ...#. ##


You could see Robin, a hobgoblin, 3 goblins, a rat and a friendly goblin
skeleton.

Vanquished Creatures
  Jessica (D:2)
  A gnoll (D:1)
  2 adders (D:2)
  2 dart slugs (D:1)
  8 ball pythons
  An endoplasm (D:2)
  3 giant cockroaches (D:1)
  6 goblins
  4 hobgoblins
  6 jackals (D:1)
  2 bats
  2 frilled lizards
  8 kobolds
  2 rats (D:2)
48 creatures vanquished.

Vanquished Creatures (collateral kills)
  A bat (D:2)
  A goblin (D:3)
  A frilled lizard (D:1)
3 creatures vanquished.

Grand Total: 51 creatures vanquished

Notes
Turn   | Place    | Note
-------+----------+-------------------------------------------
     0 | D:1      | Lanoc the Deep Elf Necromancer began the quest for the Orb.
     0 | D:1      | Reached XP level 1. HP: 10/10 MP: 6/6
    17 | D:1      | Reached skill level 5 in Necromancy
    45 | D:1      | Found Ykkanguo's Armour Boutique.
    77 | D:1      | Reached XP level 2. HP: 15/15 MP: 0/8
   389 | D:1      | Reached XP level 3. HP: 19/19 MP: 4/9
   624 | D:1      | Learned a level 3 spell: Vampiric Draining
   967 | D:2      | Noticed Jessica
   972 | D:2      | Killed Jessica
   973 | D:2      | Reached skill level 6 in Necromancy
   973 | D:2      | Reached XP level 4. HP: 24/24 MP: 6/10
  1067 | D:2      | Found a shadowy altar of Dithmenos.
  1618 | D:2      | Found Dehe's Weapon Shoppe.
  1663 | D:3      | Noticed Robin
  1686 | D:3      | HP: 1/24 [Robin/goblin (1)]
  1687 | D:3      | Gained mutation: You expend magic power (3 MP) to
                  | strengthen your wands. [potion of mutation]
  1687 | D:3      | Gained mutation: You have large cloven feet. [potion of
                  | mutation]
  1687 | D:3      | Succumbed to a goblin's poison

Illustrated notes

Levels and vault maps discovered:
D:1:      onia_arrival_mini_spirals, layout_basic, serial_shops, shop,
          minmay_misc_feat_rugged
D:2:      layout_basic, serial_shops, nicolae_shop_trees, basic_altar,
          uniq_jessica
D:3:      layout_rooms, lemuel_doored_altar, uniq_robin

Skill      XL: |  1  2  3 |
---------------+----------+-----
Necromancy     | 5 6 |  6.6
Dodging        | 3 |  3.9
Stealth        | |  2.4
Spellcasting   | |  3.0

Action                   |  1- 3 |  4- 6 || total
-------------------------+-------+-------++-------
Melee: Unarmed           |     1 |     2 ||     3
 Cast: Necrotise         |    42 |    32 ||    74
  Use: Potion            |       |     5 ||     5
Armor: Robe              |       |     7 ||     7
Dodge: Dodged            |     3 |    20 ||    23

Table legend: (Time is in decaauts)
 A = Elapsed time spent in this place.
 B = Non-inter-level travel time spent in this place.
 C = Inter-level travel time spent in this place.
 D = Time resting spent in this place.
 E = Time spent auto-exploring this place.
 F = Levels seen in this place.
 G = Mean time per level.
                   A        B        C        D        E       F      G
               +--------+--------+--------+--------+--------+-----+--------+
         Total |   1686 |   1641 |     45 |      0 |   1429 |   3 |  562.0 |
       Dungeon |   1686 |   1641 |     45 |      0 |   1429 |   3 |  562.0 |
               +--------+--------+--------+--------+--------+-----+--------+

Top non-repeatable levels by time:
     D:1: 942 daAuts
     D:2: 712 daAuts
     D:3: 30 daAuts
